 Dungeon Crawl Stone Soup version 0.31-a0-214-gb37851dbb3 (webtiles) character file.

Game seed: 8775049424732026826

199 qw the Shooter (level 5, -13/45 HPs)
             Began as a Minotaur Hexslinger on July 1, 2023.
             Mangled by an ogre
             ... wielding a +0 giant club
              (18 damage)
             ... on level 4 of the Dungeon.
             The game lasted 00:00:52 (2292 turns).

qw the Shooter (Minotaur Hexslinger)                Turns: 2292, Time: 00:00:53

Health: -13/45     AC:  5    Str: 13    XL:     5   Next: 48%
Magic:  4/4        EV: 11    Int: 10    God:
Gold:   136        SH:  0    Dex: 14    Spells: 5/6 levels left

rFire   . . .        Y - +4 sling
rCold   . . .        (no shield)
rNeg    . . .        b - +0 ring mail
rPois   .            (helmet unavailable)
rElec   .            (no cloak)
rCorr   .            (no gloves)
SInv    .            (no boots)
Will    .....        (no amulet)
Stlth   +            (no ring)
HPRegen 0.27/turn    (no ring)
MPRegen 0.09/turn

%: no passive effects
@: no status effects
A: horns 3, retaliatory headbutt, hooves 1, low MP 1, wild magic 1
a: no special abilities


You were on level 4 of the Dungeon.
You visited 1 branch of the dungeon, and saw 4 of its levels.

You collected 246 gold pieces.
You spent 110 gold pieces at shops.


Innate Abilities, Weirdness & Mutations

You have a pair of large horns on your head.
You reflexively headbutt those who attack you in melee.
You have large cloven feet.
Your magical capacity is low. (-10% MP)
Your spells are a little harder to cast, but a little more powerful.


   Skills:
 - Level 3.0 Fighting
 + Level 5.6 Ranged Weapons
 - Level 1.0 Armour
 - Level 2.1 Dodging
 - Level 1.0 Spellcasting
 - Level 2.0 Hexes


You had 5 spell levels left.
You knew the following spells:

 Your Spells              Type           Power      Damage    Failure   Level
a - Slow                  Hex            20%        N/A       41%         1

Your spell library contained the following spells:

 Spells                   Type           Power      Damage    Failure   Level
 Inner Flame              Hex/Fire       3%         N/A       87%         3
 Portal Projectile        Hex/Tloc       6%         N/A       87%         3
 Cause Fear               Hex            2%         N/A       98%         4

Inventory:

Hand Weapons
 Y - a +4 sling (weapon)
Armour
 b - a +0 ring mail (worn)
Scrolls
 a - 2 scrolls of identify
Potions
 d - a potion of might
 e - 2 potions of mutation
 f - a potion of haste
 h - a potion of curing

Dungeon Overview and Level Annotations

Branches:
Dungeon (4/15)
 Temple: D:4-7

Altars:

Shops:
D:2 ?(


Message History

A kobold comes into view. It is wielding a +0 club.
You shoot a sling bullet. The sling bullet hits the kobold.
You kill the kobold!
You start resting.
HP restored.
a - 2 scrolls of identify (gained 1)
Things that are here:
a +0 club; 5 stones; a +0 leather armour You see here a quokka corpse.
Things that are here:
a +0 falchion of holy wrath; a +0 dagger; a kobold corpse
Found a club.
A goblin comes into view. It is wielding a +0 mace.
You shoot a sling bullet.
The sling bullet barely misses the goblin.
The goblin shouts!
An ogre comes into view. It is wielding a +0 giant club.
You shoot a sling bullet.
The sling bullet barely misses the goblin.
The ogre shouts!
You shoot a sling bullet.
The sling bullet barely misses the goblin.
You shoot a sling bullet. The sling bullet hits the goblin.
You kill the goblin!
You shoot a sling bullet.
The sling bullet hits the ogre but does no damage.
You shoot a sling bullet. The sling bullet hits the ogre.
The ogre is lightly wounded.
The ogre hits you with a +0 giant club!!
You shoot a sling bullet.
The sling bullet barely misses the ogre.
The ogre barely misses you. You furiously retaliate!
You headbutt the ogre! You shoot a sling bullet.
The sling bullet hits the ogre!
The ogre is almost dead.
The ogre hits you with a +0 giant club!!
Ouch! That really hurt!
You shoot a sling bullet.
The sling bullet barely misses the ogre.
The ogre hits you with a +0 giant club!!
You die...

### #...#
.....###...#
...........#
####)###).## #. #..#
#. #..# #. #..# #
#O###..##
....#.@.%.#.#######
....)...)..........#
###..)..!..#######.#
#.#..###### #.#.#.
)#.##. ..# # .#


You could see an ogre.

Vanquished Creatures
  A scorpion (D:4)
  A gnoll (D:1)
  7 adders
  A worm (D:2)
  3 dart slugs
  4 orcs
  3 bats
  5 endoplasms
  2 giant cockroaches
  6 goblins
  4 hobgoblins
  2 quokkas
  10 ball pythons
  A frilled lizard (D:2)
  7 kobolds
  6 rats
63 creatures vanquished.

Notes
Turn   | Place    | Note
-------+----------+-------------------------------------------
     0 | D:1      | qw the Minotaur Hexslinger began the quest for the Orb.
     0 | D:1      | Reached XP level 1. HP: 16/16 MP: 1/1
     0 | D:1      | 0 ||| qw: Version: 0.3-a-32-g5962c71
     0 | D:1      | 0 ||| qw: Game counter: 7550
     0 | D:1      | 0 ||| qw: Melee chars always use a shield: true
     0 | D:1      | 0 ||| qw: God list: Okawaru
     0 | D:1      | 0 ||| qw: Allow faded altars: false
     0 | D:1      | 0 ||| qw: Do Orc after clearing Dungeon:15 true
     0 | D:1      | 0 ||| qw: Do second Lair branch before Depths: true
     0 | D:1      | 0 ||| qw: Lair rune preference: random
     0 | D:1      | 0 ||| qw: Goals: Normal
     0 | D:1      | 0 ||| PLANNING D:1-11
    66 | D:1      | Reached skill level 3 in Ranged Weapons
    66 | D:1      | Reached XP level 2. HP: 20/23 MP: 2/2
   637 | D:1      | 637 ||| READING scroll labelled KOLUAPL QALASMAM.
   638 | D:1      | 638 ||| READING scroll labelled BATOECLAENU.
   639 | D:1      | 639 ||| READING scroll labelled HOCRITE WOZANN.
   640 | D:1      | 640 ||| READING scroll labelled LESHRI BUUR ASEI.
   641 | D:1      | 641 ||| DRINKING 3 yellow potions.
   641 | D:1      | Gained mutation: You have a pair of large horns on your
                  | head. [potion of mutation]
   641 | D:1      | Gained mutation: Your magical capacity is low. (-10% MP)
                  | [potion of mutation]
   641 | D:1      | Gained mutation: You have hidden genetic potential. [potion
                  | of mutation]
   642 | D:1      | 642 ||| DRINKING 2 inky potions.
   643 | D:1      | 643 ||| DROPPING scroll of poison.
   794 | D:2      | Found Rethid Bosm's Magic Scroll Shop.
   799 | D:2      | Reached XP level 3. HP: 29/29 MP: 3/3
   901 | D:2      | 901 ||| BUYING 3 scrolls of identify (66 gold).
   901 | D:2      | Bought 3 scrolls of identify for 66 gold pieces
   901 | D:2      | 901 ||| BUYING scroll of identify (22 gold).
   901 | D:2      | Bought a scroll of identify for 22 gold pieces
   901 | D:2      | 901 ||| BUYING scroll of identify (22 gold).
   901 | D:2      | Bought a scroll of identify for 22 gold pieces
   959 | D:2      | 959 ||| Stepping ~*~*~tactically~*~*~ (outnumbered).
   972 | D:2      | Gained mutation: Your spells are a little harder to cast,
                  | but a little more powerful. [hidden potential]
   973 | D:2      | Reached skill level 4 in Ranged Weapons
   981 | D:2      | HP: 3/29 [worm (8)]
   982 | D:2      | 982 ||| DRINKING potion of heal wounds.
  1033 | D:2      | 1033 ||| READING scroll of enchant weapon.
  1033 | D:2      | 1033 ||| ENCHANTING +2 sling.
  1057 | D:2      | 1057 ||| READING scroll of enchant weapon.
  1057 | D:2      | 1057 ||| ENCHANTING +3 sling.
  1067 | D:2      | Reached XP level 4. HP: 35/36 MP: 3/3
  1383 | D:2      | Found Pusk's Weapon Shop.
  1420 | D:2      | Gained mutation: You have large cloven feet. [hidden
                  | potential]
  1420 | D:2      | Lost mutation: You have hidden genetic potential. [hidden
                  | potential expressed]
  1473 | D:2      | 1473 ||| UPGRADING to +0 ring mail.
  1483 | D:2      | 1483 ||| DROPPING +0 robe.
  1484 | D:2      | 1484 ||| READING scroll labelled SORCHO ZIOD OCAOGH.
  1485 | D:2      | 1485 ||| DRINKING 2 sedimented silvery potions.
  1486 | D:2      | 1486 ||| READING 6 scrolls of identify.
  1486 | D:2      | 1486 ||| IDENTIFYING pink potion
  1487 | D:2      | 1487 ||| READING 5 scrolls of identify.
  1487 | D:2      | 1487 ||| IDENTIFYING murky pink potion
  1488 | D:2      | 1488 ||| DROPPING potion of attraction.
  1489 | D:2      | 1489 ||| DROPPING potion of degeneration.
  1728 | D:3      | Reached skill level 1 in Armour
  1929 | D:3      | Reached skill level 5 in Ranged Weapons
  2119 | D:3      | 2119 ||| READING 4 scrolls of identify.
  2119 | D:3      | 2119 ||| IDENTIFYING murky puce potion
  2120 | D:3      | 2120 ||| READING 3 scrolls of identify.
  2120 | D:3      | 2120 ||| IDENTIFYING clear potion
  2121 | D:3      | 2121 ||| READING 2 scrolls of identify.
  2121 | D:3      | 2121 ||| IDENTIFYING green potion
  2122 | D:3      | 2122 ||| DROPPING potion of invisibility.
  2168 | D:4      | Noticed a scorpion
  2171 | D:4      | Reached skill level 3 in Fighting
  2171 | D:4      | Reached XP level 5. HP: 45/45 MP: 4/4
  2186 | D:4      | 2186 ||| FLEEEEING.
  2187 | D:4      | 2187 ||| FLEEEEING.
  2188 | D:4      | 2188 ||| FLEEEEING.
  2284 | D:4      | Noticed an ogre
  2291 | D:4      | HP: 5/45 [ogre/+0 giant club (23)]
  2292 | D:4      | Mangled by an ogre

Levels and vault maps discovered:
D:1:      grunt_arrival_crossed_arrows, layout_loops_ring, serial_forest,
          infiniplex_forest_lined_1, infiniplex_forest_corner_2,
          infiniplex_forest_side_room, infiniplex_forest_straight_2,
          infiniplex_forest_clump_small, infiniplex_forest_straight_4
D:2:      layout_loops_cross, serial_shops, shop,
          nicolae_shop_tiny_real_fake_doors, minmay_joined_circles
D:3:      layout_loops_ring
D:4:      layout_loops_ring, minmay_circle_x, uniq_crazy_yiuf_cottage,
          uniq_menkaure, uniq_eustachio

Skill      XL: |  1  2  3  4 |
---------------+-------------+-----
Ranged Weapons | 3 4 5 |  5.6
Fighting       | 2 3 |  3.0
Armour         | 1 |  1.0
Dodging        | |  2.1
Spellcasting   | |  1.0
Hexes          | |  2.0

Action                     |  1- 3 |  4- 6 || total
---------------------------+-------+-------++-------
   Fire: Sling             |    81 |   109 ||   190
    Use: Scroll            |     6 |     6 ||    12
         Potion            |     3 |     1 ||     4
 Armour: Robe              |     4 |     2 ||     6
         Ring mail         |       |    11 ||    11
  Dodge: Dodged            |    32 |    24 ||    56

Table legend:
 A = Non-vault XP
 B = Vault XP
 C = Vault XP percentage of total XP
 D = Non-vault monster count
 E = Vault monster count
 F = Vault count percentage of total count
                 A         B        C        D         E       F
            +---------+---------+-------+---------+---------+-------
      Total |     149 |     136 |  47.7 |      46 |      17 |  27.0
            +---------+---------+-------+---------+---------+-------
        D:1 |      26 |       0 |   0.0 |       7 |       0 |   0.0
        D:2 |      50 |      45 |  47.4 |      15 |      11 |  42.3
        D:3 |      64 |       0 |   0.0 |      18 |       0 |   0.0
        D:4 |       9 |      91 |  91.0 |       6 |       6 |  50.0
            +---------+---------+-------+---------+---------+-------
